 Dungeon Crawl Stone Soup version 0.17-a0-1176-g3d5a0d0 (webtiles) character file.

1472 killrock3 the Ducker (level 8, 0/67 HPs)
             Began as a Centaur Gladiator on May 30, 2015.
             Succumbed to a killer bee's poison
             ... on level 8 of the Dungeon.
             The game lasted 00:58:32 (5318 turns).

killrock3 the Ducker (Centaur Gladiator)            Turns: 5318, Time: 00:58:32

Health: 0/67       AC: 13    Str: 21    XL:     8   Next: 49%
Magic:  8/8        EV: 10    Int:  5    God:
Gold:   273        SH:  0    Dex:  9    Spells: 1 memorised, 3 levels left

rFire  + . .     SeeInvis .     J - +3 whip (elec)
rCold  . . .     Clarity  .     L - +2 ring mail {rN+}
rNeg   + . .     SustAt   .     (no shield)
rPois  .         Gourm    .     c - +0 helmet
rElec  .         Spirit   .     k - +2 cloak
rCorr  .         Warding  .     D - +0 pair of gloves
rMut   .         Rnd*Tele +     (no barding)
MR     +....                    (no amulet)
Stlth  ..........               o - ring of loudness (curse)
                                U - ring of teleportation (curse)

@: lethally poisoned (0 -> -28), very quick, somewhat resistant to hostile
enchantments, extremely unstealthy
A: hooves 3, deformed body, dopey 1, fire resistance 1, speed 2, magic
resistance 1, tough skin 3
a: Evoke Teleportation


You were on level 8 of the Dungeon.
You were very full.

You visited 1 branch of the dungeon, and saw 8 of its levels.

You collected 273 gold pieces.

Inventory:

Hand weapons
 f - a +2 antimagic spear
 n - the +2 war axe "Killer Bee's Bane" {chop, rElec MR++}
   (You found it on level 6 of the Dungeon)

   It inflicts extra damage upon your enemies.
   It insulates you from electricity.
   It affects your resistance to hostile enchantments.
 J - a +3 whip of electrocution (weapon)
Missiles
 d - 3 throwing nets
 i - 103 stones (quivered)
 r - 4 large rocks
 S - 22 arrows
Armour
 b - a +0 leather armour
 c - a +0 helmet (worn)
 e - a +0 scale mail
 h - a +0 robe
 k - a +2 cloak (worn)
 q - a +0 leather armour
 w - a +0 ring mail
 D - a +0 pair of gloves (worn)
 G - a +0 plate armour
 L - a +2 ring mail of positive energy (worn)
 Q - a +3 leather armour
 R - a +0 robe
Jewellery
 a - a +2 ring of strength
 o - a cursed ring of loudness (right hand)
 U - a cursed ring of teleportation (left hand)
Magical devices
 s - a wand of confusion (13)
 z - a wand of heal wounds (3)
 K - a wand of frost (17)
 M - a wand of enslavement (12)
 Z - a wand of confusion (20)
Scrolls
 j - 3 scrolls of enchant weapon {unknown}
 v - a scroll of acquirement {unknown}
 x - 2 scrolls of remove curse {unknown}
 C - a scroll of blinking {unknown}
 F - 2 scrolls of identify {unknown}
 I - 2 scrolls of enchant armour {unknown}
 N - 2 scrolls of teleportation {unknown}
 O - a scroll of holy word {unknown}
 X - a scroll of magic mapping {unknown}
 Y - a scroll of immolation {unknown}
Potions
 m - 2 potions of curing
 p - a potion of flight
 t - a potion of agility {unknown}
 u - a potion of berserk rage {unknown}
 H - a potion of mutation
Books
 y - a book of the Sky

   Spells                             Type                      Level
   a - Summon Lightning Spire         Summoning/Air                4
   b - Airstrike                      Air                          4
   c - Silence                        Hexes/Air                    5
   d - Deflect Missiles               Charms/Air                   6
   e - Conjure Ball Lightning         Conjuration/Air              6
   f - Tornado                        Air                          9
Comestibles
 B - 8 fruits
 E - 3 meat rations
 T - a slice of pizza
 W - 2 beef jerkies


   Skills:
 + Level 4.6 Fighting
 + Level 4.4(5.0) Axes
 + Level 3.1(4.3) Maces & Flails
 + Level 2.9 Throwing
 + Level 3.7 Armour
 + Level 5.0 Dodging
 + Level 0.1 Stealth


You had 3 spell levels left.
You knew the following spells:

 Your Spells              Type           Power        Failure   Level  Hunger
a - Summon Lightning Spi  Summ/Air       #.......     100%        4    #####..


Dungeon Overview and Level Annotations

Branches:
Dungeon (8/15)               Lair (0/8) D:8
 Temple: D:4-7

Altars:
Makhleb
Xom


Innate Abilities, Weirdness & Mutations

You have hooves in place of feet.
Armour fits poorly on your strangely shaped body.
You cover ground very quickly.
You have extremely tough skin (AC +3).
You are dopey. (Int -2)
Your flesh is heat resistant.
You are resistant to hostile enchantments.


Message History

Your ring mail prevents you from hitting the killer bee.
You kick the killer bee, but do no damage.
You feel sick. The killer bee stings you.
* * * LOW HITPOINT WARNING * * *
The killer bee misses you.
You whack the killer bee! Your kick misses the killer bee.
The killer bee is heavily wounded.
You float gracefully downwards.
You feel sick. The killer bee barely misses you. The killer bee stings you.
* * * LOW HITPOINT WARNING * * *
You are more poisoned.
The killer bee poisons you! The killer bee barely misses you.
The killer bee stings you.
* * * LOW HITPOINT WARNING * * *
You are more poisoned.
The killer bee poisons you!
* * * LOW HITPOINT WARNING * * *
You feel sick. The killer bee stings you.
* * * LOW HITPOINT WARNING * * *
You die...

#............# .. .#
#............# #..
..##............# ##...
...#...........# ##....#
#..............####......#
#........................#
#..##....................#
##..##......y..............
######... #....@.y..............
.....>..####........##.†........
.........##...)...####.y...##..
#...........†.## ##...##...
#...........### #.........
##...###.....# #.>........
#...## ###..## #....#......
##..## #..# #...#####...# ##..##
#..# #...# ...#


You could see 2 killer bees.

Vanquished Creatures
  A two-headed ogre (D:8)
  Sigmund (D:4)
  A hippogriff (D:7)
  A phantom (D:7)
  An ogre (D:7)
  2 giant frogs
  A scorpion (D:4)
  3 killer bees (D:8)
  2 crimson imps
  A giant frog skeleton (D:4)
  An iguana (D:5)
  2 orc wizards (D:4)
  A hound (D:5)
  4 worker ants
  3 gnolls (D:5)
  4 adders
  A shadow imp (D:7)
  An adder zombie (D:7)
  3 worms
  13 orcs
  A bat skeleton (D:6)
  8 hobgoblins
  3 jackals
  9 kobolds
  3 quokkas
  2 ball pythons
  10 bats
  6 giant cockroaches
  6 giant geckos
  5 giant newts
  8 goblins
  A quokka skeleton (D:7)
  9 rats
  2 butterflies (D:5)
120 creatures vanquished.

Notes
Turn   | Place    | Note
--------------------------------------------------------------
     0 | D:1      | killrock3 the Centaur Gladiator began the quest for the Orb.
     0 | D:1      | Reached XP level 1. HP: 17/17 MP: 1/1
   430 | D:1      | Reached XP level 2. HP: 18/24 MP: 2/2
   562 | D:1      | Reached skill level 3 in Axes
  1670 | D:2      | Reached XP level 3. HP: 14/29 MP: 3/3
  1873 | D:2      | Gained mutation: You are dopey. (Int -2) [potion of mutation]
  1873 | D:2      | Gained mutation: Your flesh is heat resistant. [potion of mutation]
  1873 | D:2      | Gained mutation: You are resistant to hostile enchantments. [potion of mutation]
  1873 | D:2      | HP: 1/29 [poisoned by an adder]
  2349 | D:3      | Reached XP level 4. HP: 27/37 MP: 4/4
  2674 | D:4      | Reached skill level 1 in Armour
  2802 | D:4      | Reached XP level 5. HP: 24/44 MP: 5/5
  3275 | D:4      | Reached skill level 1 in Maces & Flails
  3308 | D:4      | Noticed Sigmund
  3326 | D:4      | Killed Sigmund
  3326 | D:4      | Reached XP level 6. HP: 19/51 MP: 6/6
  3361 | D:4      | Found a burning altar of Makhleb.
  3361 | D:4      | Noticed a green death
  3505 | D:4      | Noticed a neqoxec
  3505 | D:4      | Noticed a hellwing
  3538 | D:5      | Entered Level 5 of the Dungeon
  3675 | D:5      | Reached XP level 7. HP: 36/57 MP: 7/7
  4003 | D:6      | Got a faintly glowing war axe
  4004 | D:6      | Identified the +2 war axe "Killer Bee's Bane" {chop, rElec MR++} (You found it on level 6 of the Dungeon)
  4327 | D:7      | Reached skill level 4 in Dodging
  4550 | D:7      | Found a shimmering altar of Xom.
  4605 | D:7      | Learned a level 4 spell: Summon Lightning Spire
  5101 | D:7      | Reached XP level 8. HP: 59/66 MP: 8/8
  5168 | D:8      | Noticed a two-headed ogre
  5181 | D:8      | Killed a two-headed ogre
  5196 | D:8      | Found a staircase to the Lair.
  5294 | D:8      | Reached skill level 5 in Dodging
  5309 | D:8      | HP: 3/67 [killer bee (7)]
  5317 | D:8      | HP: 2/67 [killer bee (2)]
  5318 | D:8      | Succumbed to a killer bee's poison

Vault maps used:
D:1:      minmay_arrival_wavy_path
D:2:      nicolae_qazlal_eye_of_the_storm, minitemple, first_bread
D:3:      portal_sewer_entry_d
D:4:      forest_paths, makhleb_altar_promises_db, minmay_stone_trees_small,
          uniq_sigmund
D:5:      cheibriados_altar_1, minmay_temple_entry_butterflies
D:7:      overflow_temple_1_default, nrook_pool_corridor
D:8:      lair_0_dummy, david_nohive_1, kb_lookout_dungeons_type, uniq_erolcha

Action                   |  1- 3 |  4- 6 |  7- 9 || total
-------------------------+-------+-------+-------++-------
Melee: War axe           |   130 |     7 |    39 ||   176
       Whip              |       |   144 |    82 ||   226
Throw: Throwing net      |     1 |       |       ||     1
  Use: Potion            |     3 |       |     6 ||     9
  Eat: Bread ration      |     2 |       |     1 ||     3
       Beef jerky        |     1 |       |       ||     1
       Meat ration       |       |     1 |       ||     1
